AoeStats
← CR | NamelessGuy

Oasis

509239984Analyzed
4v4 RM · 7d ago on Sep 26, 2026· 34m 16s· 8 players
Game mode
Random Map
Map size
Large (8 player)
Population
200
Speed
Normal
Resources
Standard
Victory
Conquest
Starting age
Dark Age
Ending age
Imperial Age
RankedLock teamsTeams togetherTeam positionsShared explorationLock speedFull tech treeHidden civsTurbo modeCheats
Victory
Defeat
🇨🇷 Saxons · Costa Rica
1754
+5
🇦🇷 Britons · Argentina
1401
+17
🇨🇴 Persians · Colombia
1374
+18
🇦🇷 Varangians · Argentina
1257
+22
1518
-19
🇧🇷 Sicilians · Brazil
1462
-17
🇨🇳 Bengalis · China
1386
-13
🇨🇳 Persians · China
1381
-13
CR | NamelessGuy
7:12 Loom
9:11 Feudal Age
9:56 Double-Bit Axe
12:54 Fletching
19:40 Padded Archer Armor
23:25 Castle Age
23:27 Crossbowman
24:14 Bodkin Arrow
27:18 Ballistics
28:44 Gold Mining
29:42 Leather Archer Armor
34:32 Arson
| CZK | DiegoAvalo
7:04 Loom
9:35 Feudal Age
16:41 Forging
21:58 Castle Age
20:41 Bloodlines
20:39 Scale Barding Armor
21:25 Double-Bit Axe
22:39 Gold Mining
24:18 Chain Barding Armor
28:20 Bow Saw
27:53 Horse Collar
29:12 Wheelbarrow
29:09 Heavy Plow
30:11 Husbandry
31:29 Hand Cart
32:18 Iron Casting
| CZK | - Yamil62 -
9:53 Feudal Age
8:47 Loom
11:55 Horse Collar
14:25 Forging
22:33 Scale Barding Armor
24:48 Bloodlines
28:10 Wheelbarrow
30:24 Castle Age
31:53 Husbandry
32:19 Chain Barding Armor
32:35 Iron Casting
32:14 Double-Bit Axe
32:35 Heavy Plow
34:08 Hand Cart
33:39 Town Watch
| CZK | Ashvini
7:12 Loom
9:24 Feudal Age
9:10 Loom
11:37 Double-Bit Axe
19:42 Gold Mining
PoopMaster
2:19 Loom
2:33 Loom
26:14 Feudal Age
27:24 Double-Bit Axe
27:22 Horse Collar
31:22 Gold Mining
灯窝森曾瑞卜药方松滴
6:03 Loom
8:32 Feudal Age
10:24 Double-Bit Axe
11:34 Scale Barding Armor
11:37 Horse Collar
15:48 Forging
20:05 Gold Mining
24:52 Castle Age
24:55 Light Cavalry
25:46 Husbandry
25:57 Bloodlines
26:54 Bow Saw
30:13 Wheelbarrow
30:33 Iron Casting
32:06 Chain Barding Armor
苏东坡的粉丝
5:14 Loom
11:41 Feudal Age
13:33 Fletching
16:04 Double-Bit Axe
18:46 Padded Archer Armor
30:27 Castle Age
30:34 Crossbowman
恩底弥翁之鹰
11:01 Feudal Age
13:36 Double-Bit Axe
13:36 Horse Collar
14:48 Loom
16:16 Scale Barding Armor
22:22 Castle Age
22:30 Bloodlines
24:05 Husbandry
28:16 Forging
29:46 Wheelbarrow
30:57 Fletching
Connection lost

Rejoining the realm…

Still unreachable

The connection could not be restored.

Session expired

The server has moved on; the page needs a fresh start.